 Dungeon Crawl Stone Soup version 0.20.1-1-g8b1a95d (webtiles) character file.

82 Finerminer the Chiller (level 4, -1/33 HPs)
             Began as a Draconian Ice Elementalist on Sept 30, 2017.
             Slain by Crazy Yiuf
             ... wielding a +4 quarterstaff of chaos
              (4 damage)
             ... on level 2 of the Dungeon on Oct 1, 2017.
             The game lasted 00:09:58 (2001 turns).

Finerminer the Chiller (Draconian Ice Elementalist) Turns: 2001, Time: 00:09:58

Health: -1/33      AC:  9    Str: 16    XL:     4   Next: 21%
Magic:  2/7        EV:  2    Int: 16    God:
Gold:   122        SH:  0    Dex: 11    Spells: 6/7 levels left

rFire    . . .     SeeInvis .   (no weapon)
rCold    + . .     Gourm    .   (no shield)
rNeg     + + +     Faith    .   (armour unavailable)
rPois    ∞         Spirit   .   (helmet restricted)
rElec    .         Reflect  .   k - +1 cloak
rCorr    .         Harm     .   o - +1 pair of gloves {archery}
MR       .....                  (no boots)
Stlth    ++........             (no amulet)
Regen    0.2/turn               d - ring of protection from cold
MPRegen  0.1/turn               p - ring of flight

@: mighty, lethally poisoned (-1 -> -1), petrified, drained
A: unfitting armour, cold-blooded, AC +5
a: Evoke Flight


You were on level 2 of the Dungeon.
You were hungry.

You visited 1 branch of the dungeon, and saw 2 of its levels.

You collected 122 gold pieces.

Inventory:

Armour
 k - a +1 cloak (worn)
 o - a +1 pair of gloves of archery (worn)
Jewellery
 d - a ring of protection from cold (left hand)
 p - a ring of flight (right hand)
Scrolls
 f - a scroll of amnesia {unknown}
 g - a scroll of teleportation {unknown}
 j - a scroll of identify {unknown}
 l - a scroll of enchant armour {unknown}
 m - a scroll of remove curse {unknown}
 n - a scroll of enchant weapon {unknown}
 q - 2 scrolls of fog {unknown}
 s - a scroll of recharging {unknown}
 t - a scroll of magic mapping {unknown}
Potions
 h - a potion of invisibility {unknown}
 i - a potion of ambrosia {unknown}
 r - a potion of mutation {unknown}
 u - a potion of curing {unknown}
Books
 a - a book of Frost

   Spells                             Type                      Level
   a - Freeze                         Ice                          1
   b - Throw Frost                    Conjuration/Ice              2
   c - Ozocubu's Armour               Charms/Ice                   3
   d - Throw Icicle                   Conjuration/Ice              4
   e - Summon Ice Beast               Ice/Summoning                4
Comestibles
 b - 4 bread rations
 c - a royal jelly


   Skills:
 - Level 1.8(1.5) Dodging
 - Level 1.8(1.5) Stealth
 - Level 0.2(0.0) Unarmed Combat
 - Level 2.0(1.7) Spellcasting
   Level 1.0(0.7) Conjurations
 + Level 4.9(4.6) Ice Magic


You had 6 spell levels left.
You knew the following spells:

 Your Spells              Type           Power        Failure   Level  Hunger
a - Freeze                Ice            ###.         3%          1    ##.....


Dungeon Overview and Level Annotations

Branches:
Dungeon (2/15)

Altars:

Annotations:
D:2 Crazy Yiuf


Innate Abilities, Weirdness & Mutations

Your plain brown scales are hard. (AC +5)
You cannot fit into any form of body armour.
You are cold-blooded and may be slowed by cold attacks.


Message History

Press: ? - help, Shift-Dir - straight line, f/p - Crazy Yiuf
Aim: Crazy Yiuf, wielding a quarterstaff of chaos and wearing a cloak (severely wounded)
You freeze Crazy Yiuf.
Crazy Yiuf is severely wounded.
You are feeling hungry.
Crazy Yiuf hits you with a quarterstaff of chaos.
* * * LOW HITPOINT WARNING * * *
Crazy Yiuf burns you.
* * * LOW HITPOINT WARNING * * *
Your limbs are stiffening.
It was a potion of might.
You feel very mighty all of a sudden.
Crazy Yiuf hits you with a quarterstaff of chaos!
* * * LOW HITPOINT WARNING * * *
You are lethally poisoned!
Crazy Yiuf hits you with a quarterstaff of chaos.
* * * LOW HITPOINT WARNING * * *
You have turned to stone.
Crazy Yiuf hits you with a quarterstaff of chaos!
You die...

#### #########...
######## #...........
##.#.)#)########
#########.##
##.....)#))##)))# #.#
#......####)'@g.# #.#
#...#.## ###)))# ##.##
#.##### ##### #..#. #.#
#.##. #.# #### #.##. #.#
### #########..### #.##.
#.####.####............#
#.##.
#..............#####.#.#
#.##. ######.####....#
#.#.# #.##.


You could see Crazy Yiuf.

Vanquished Creatures
  Jessica (D:2)
  3 worms (D:2)
  A dart slug (D:1)
  A leopard gecko (D:1)
  5 giant cockroaches
  5 goblins (D:1)
  9 hobgoblins
  4 jackals (D:2)
  3 bats
  2 frilled lizards
  4 kobolds
  2 rats
40 creatures vanquished.

Notes
Turn   | Place    | Note
-------+----------+-------------------------------------------
     0 | D:1      | Finerminer the Draconian Ice Elementalist began the quest for the Orb.
     0 | D:1      | Reached XP level 1. HP: 14/14 MP: 3/3
   297 | D:1      | Reached XP level 2. HP: 16/20 MP: 3/5
   941 | D:1      | Reached skill level 4 in Ice Magic
  1067 | D:2      | Reached XP level 3. HP: 26/26 MP: 6/6
  1142 | D:2      | Noticed Jessica
  1145 | D:2      | Killed Jessica
  1425 | D:2      | Found a runed door.
  1471 | D:2      | Reached XP level 4. HP: 29/33 MP: 1/7
  1992 | D:2      | Noticed Crazy Yiuf
  2001 | D:2      | Slain by Crazy Yiuf

Skill      XL: |  1  2 |
---------------+-------+-----
Ice Magic      | 4 |  4.9
Dodging        | |  1.8
Stealth        | |  1.8
Unarmed Combat | |  0.2
Spellcasting   | |  2.0
Conjurations   | |  1.0

Action                   |  1- 3 |  4- 6 || total
-------------------------+-------+-------++-------
Melee: Unarmed           |    65 |    34 ||    99
       Tailslap          |     3 |     4 ||     7
 Cast: Freeze            |    38 |    21 ||    59
  Use: Potion            |       |     1 ||     1
 Stab: Sleeping          |     3 |       ||     3
  Eat: Chunk             |     2 |     2 ||     4
Armor: Skin              |    25 |    11 ||    36
Dodge: Dodged            |    50 |    19 ||    69
